[Event "Titled Tuesday Blitz May 4 2021"]
[White "Minaya, Juan"]
[Black "Golsta, Madara"]
[WhiteFideId "4400283"]
[BlackFideId "11607386"]
[WhiteElo "1843"]
[BlackElo "1880"]
[Result "0-1"]
[Round "08"]
[TimeControl "180+1"]
[Date "2021.05.04"]
[WhiteClock "0:00:03"]
[BlackClock "0:00:24"]

1. Nf3 c5 2. c4 Nf6 3. e3 g6 4. d4 cxd4 5. exd4 d5 6. Nc3 Bg7 7. Be2 dxc4 8. Bxc4 O-O 9. h3 Nc6 10. O-O Bf5 11. d5 Nb4 12. Bf4 Rc8 13. Bb3 Rxc3 14. bxc3 Nbxd5 15. Be5 Qa5 16. c4 Nb6 17. Rc1 Bh6 18. Bxf6 exf6 19. Qe1 Qc5 20. Rd1 Nxc4 21. Qc3 b5 22. Qxf6 Bg7 23. Qg5 h6 24. Qf4 a5 25. g4 Be6 26. Nd4 g5 27. Nxe6 fxe6 28. Qe4 e5 29. Rd5 Qc6 0-1


[Site "https://www.chess.com"]

[Event "Titled Tuesday Blitz May 4 2021"]
[White "Moore, Nicholas"]
[Black "Markidis, Konstantinos"]
[WhiteFideId "4303709"]
[BlackFideId "4203500"]
[WhiteElo "2365"]
[BlackElo "2304"]
[Result "0-1"]
[Round "08"]
[TimeControl "180+1"]
[Date "2021.05.04"]
[WhiteClock "0:00:06"]
[BlackClock "0:00:29"]

1. d4 Nf6 2. c4 e6 3. Nc3 Bb4 4. e3 O-O 5. Ne2 Re8 6. a3 Bf8 7. g3 d5 8. Bg2 c6 9. b3 Nbd7 10. O-O g6 11. Bb2 Bg7 12. Qd2 h5 13. h3 Nb6 14. a4 a5 15. c5 Nbd7 16. f4 b6 17. cxb6 Qxb6 18. Ba3 c5 19. Nb5 Bf8 20. Rfc1 Ba6 21. Nec3 Rac8 22. Qf2 cxd4 23. exd4 Bxa3 24. Rxa3 Bxb5 25. axb5 Ne4 26. Bxe4 dxe4 27. Qe3 Nf6 28. Rd1 Nd5 29. Nxd5 exd5 30. Qd2 Qxb5 31. Rxa5 Qxb3 32. Ra2 Qxg3+ 33. Qg2 Qxf4 34. Rf2 Qe3 35. Kh2 Rc1 36. Rxc1 Qxc1 37. Rf6 Kg7 38. Ra6 Qf4+ 39. Qg3 Qxg3+ 40. Kxg3 e3 41. Ra1 e2 42. Re1 Re4 43. Kf3 Kf6 44. Kf2 Kf5 45. Kf3 g5 46. Kf2 Kf4 47. Kg2 Ke3 48. Kg3 Kd2 49. Kf2 Rf4+ 50. Kg2 Kxe1 51. h4 g4 52. Kg3 Rf3+ 53. Kh2 Kd2 54. Kg2 e1=Q 55. Kh2 Qe2+ 56. Kh1 Rf1# 0-1


[Site "https://www.chess.com"]

[Event "Titled Tuesday Blitz May 4 2021"]
[White "Morris-Suzuki, Sophie"]
[Black "Grineva, Marianna"]
[WhiteFideId "30922615"]
[BlackFideId "14102013"]
[WhiteElo "2386"]
[BlackElo "1925"]
[Result "1-0"]
[Round "08"]
[TimeControl "180+1"]
[Date "2021.05.04"]
[WhiteClock "0:00:06"]
[BlackClock "0:00:07"]

1. c4 e5 2. Nc3 d6 3. Nf3 Nd7 4. d4 Be7 5. e4 Ngf6 6. Be2 O-O 7. O-O c6 8. d5 c5 9. Rb1 Ne8 10. a3 f5 11. exf5 Rxf5 12. Bd3 Rf8 13. b4 Nef6 14. Ng5 Nb6 15. bxc5 dxc5 16. a4 Bg4 17. Qc2 h6 18. Nge4 Nc8 19. f3 Bh5 20. Be3 b6 21. a5 Nd6 22. Nxd6 Bxd6 23. Nb5 Bf7 24. Nxd6 Qxd6 25. Rb5 Nd7 26. Rfb1 Be8 27. Bf5 Nf6 28. R5b2 Rb8 29. axb6 axb6 30. Qf2 Ba4 31. Qg3 Nxd5 32. Rd2 Rxf5 33. Rxd5 Qf6 34. h3 Bc2 35. Rc1 Bb3 36. Qf2 Re8 37. Qb2 Ba4 38. Ra1 Bc6 39. Rd2 Bb7 40. Rb1 e4 41. f4 Re6 42. Qxf6 Rfxf6 43. Rd7 Bc6 44. Rc7 Ba4 45. Ra1 Bc2 46. Ra8+ Kh7 47. Rcc8 Bd3 48. Kf2 Rf7 49. g4 g5 50. f5 Rd6 51. Rh8+ Kg7 52. Rag8+ Kf6 53. Rxh6+ Ke7 54. Bxg5+ Kd7 55. Rd8+ Kc7 56. Rdxd6 Bxc4 57. Rxb6 Rd7 58. Rhc6# 1-0


[Site "https://www.chess.com"]

[Event "Titled Tuesday Blitz May 4 2021"]
[White "Moultino06"]
[Black "Sanal, Vahap"]
[BlackFideId "6300545"]
[WhiteElo "2714"]
[BlackElo "2507"]
[Result "0-1"]
[Round "08"]
[TimeControl "180+1"]
[Date "2021.05.04"]
[WhiteClock "0:00:06"]
[BlackClock "0:01:37"]

1. c4 Nf6 2. g3 g6 3. Bg2 Bg7 4. d4 O-O 5. Nc3 d6 6. Nf3 c6 7. O-O Qb6 8. b3 e5 9. Bb2 e4 10. Nd2 e3 11. fxe3 Ng4 12. Na4 Qa5 13. Rf3 Re8 14. Nf1 Bf5 15. Bc3 Qc7 16. Rxf5 gxf5 17. Qd3 Qe7 18. Qxf5 Nxe3 19. Nxe3 Qxe3+ 20. Kh1 Qe6 21. Qxe6 fxe6 22. e3 Nd7 23. Kg1 d5 24. Rd1 b5 25. Nb2 a6 26. Nd3 a5 27. Nf4 a4 28. cxb5 cxb5 29. Bb4 Bf8 30. Bd2 axb3 31. axb3 Ra3 32. Bh3 Ra6 33. Rf1 Nf6 34. Be1 Ne4 35. Bg4 Ba3 36. Bh5 Rc8 37. Bg4 Re8 38. Nd3 Bd6 39. Bh3 Ra3 40. Bb4 Bxb4 41. Nxb4 Rxb3 42. Nxd5 exd5 43. Bd7 Re7 44. Bc6 Nc3 45. Kg2 Rb2+ 46. Kh3 Rxe3 47. Rf5 Ree2 48. Rg5+ Kf7 49. Rf5+ Kg6 50. Rh5 Rxh2+ 51. Kg4 Rxh5 52. Be8+ Kf6 53. Bxh5 b4 54. Kf4 b3 55. g4 h6 56. g5+ hxg5+ 57. Kg4 Rf2 0-1


[Site "https://www.chess.com"]

[Event "Titled Tuesday Blitz May 4 2021"]
[White "Nadeev, Sergey"]
[Black "Haessel, Dale R."]
[WhiteFideId "4180038"]
[BlackFideId "2012618"]
[WhiteElo "2369"]
[BlackElo "2167"]
[Result "1-0"]
[Round "08"]
[TimeControl "180+1"]
[Date "2021.05.04"]
[WhiteClock "0:01:30"]
[BlackClock "0:00:01"]

1. d4 Nf6 2. Bf4 d5 3. e3 e6 4. Nf3 Bd6 5. Ne5 O-O 6. c4 c5 7. Nc3 cxd4 8. Qxd4 Nc6 9. Nxc6 bxc6 10. c5 Bxf4 11. exf4 a5 12. Bd3 Ba6 13. O-O Qc7 14. Bxa6 Rxa6 15. Na4 Ne4 16. f3 Nf6 17. b3 Rb8 18. Qe5 Qd8 19. Rfd1 Rb4 20. g3 Rb5 21. Rac1 Ra7 22. Qd6 Qxd6 23. cxd6 Ne8 24. Rxc6 Rd7 25. Rc8 Kf8 26. Ra8 Rxd6 27. Rc1 Ke7 28. Rcc8 Nf6 29. Nc5 Nd7 30. Re8+ 1-0


[Site "https://www.chess.com"]

[Event "Titled Tuesday Blitz May 4 2021"]
[White "Nastore, Pavel-Alexandru"]
[Black "Roque Sola, Gisela"]
[WhiteFideId "1255002"]
[BlackFideId "5120241"]
[WhiteElo "1809"]
[BlackElo "1863"]
[Result "1-0"]
[Round "08"]
[TimeControl "180+1"]
[Date "2021.05.04"]
[WhiteClock "0:00:14"]
[BlackClock "0:00:01"]

1. c4 Nf6 2. g3 g6 3. Bg2 Bg7 4. Nc3 d6 5. e3 c5 6. Nge2 O-O 7. O-O Nc6 8. d4 cxd4 9. exd4 Bf5 10. Be3 Rb8 11. a3 Ng4 12. b4 Nxe3 13. fxe3 Qc8 14. Rc1 Bh3 15. Qe1 Bxg2 16. Kxg2 a6 17. Qf2 e6 18. c5 dxc5 19. bxc5 Ne7 20. Qf3 Nf5 21. Rfd1 Bh6 22. Rd3 Qc6 23. Qxc6 bxc6 24. Nf4 Rb2+ 25. Kf3 Rxh2 26. Rb1 Bxf4 27. gxf4 Rh3+ 28. Kf2 h5 29. Rb6 h4 30. Rxc6 Rh2+ 31. Kf3 Rh3+ 32. Kf2 Rb8 33. Rb6 Rc8 34. Rxa6 Rh2+ 35. Kg1 Rc2 36. Ne4 h3 37. Rd2 Rc1+ 38. Kh2 Nxe3 39. Kxh3 Rh1+ 40. Kg3 Kg7 41. Rb2 Rch8 42. Ng5 Nf5+ 43. Kf3 Rf1+ 44. Ke2 Rfh1 45. Rb7 R1h2+ 46. Kd3 Nh6 47. Nxe6+ Kf6 48. Nd8+ Kf5 49. Nxf7 Kxf4 50. Rxg6 1-0


[Site "https://www.chess.com"]

[Event "Titled Tuesday Blitz May 4 2021"]
[White "Navalgund, Niranjan"]
[Black "Langner, Ladislav"]
[WhiteFideId "5030854"]
[BlackFideId "300403"]
[WhiteElo "2290"]
[BlackElo "2346"]
[Result "1-0"]
[Round "08"]
[TimeControl "180+1"]
[Date "2021.05.04"]
[WhiteClock "0:01:14"]
[BlackClock "0:00:03"]

1. e4 c5 2. d4 cxd4 3. c3 dxc3 4. Nf3 Nc6 5. Bc4 e6 6. O-O a6 7. Nxc3 Nge7 8. Bg5 f6 9. Be3 Ng6 10. Qe2 b5 11. Bb3 Be7 12. Nd5 exd5 13. exd5 Nce5 14. Nxe5 fxe5 15. d6 Bf6 16. Rac1 Bb7 17. Rc7 Bc6 18. Rc1 Rf8 19. Qg4 Be7 20. R7xc6 dxc6 21. dxe7 Qxe7 22. Rxc6 Qd7 23. Re6+ Ne7 24. Bc5 O-O-O 25. h3 Nc6 26. Bxf8 Rxf8 27. Rxc6+ Kd8 28. Qh4+ Ke8 29. Qe4 Qd1+ 30. Kh2 Rxf2 31. Qxe5+ Kd8 32. Qb8+ Ke7 33. Qb7+ Ke8 34. Rc8+ Qd8 1-0


[Site "https://www.chess.com"]

[Event "Titled Tuesday Blitz May 4 2021"]
[White "Nazaretyan, Tigran"]
[Black "Pein, Jonathan"]
[WhiteFideId "24162345"]
[BlackFideId "417092"]
[WhiteElo "2276"]
[BlackElo "2167"]
[Result "1-0"]
[Round "08"]
[TimeControl "180+1"]
[Date "2021.05.04"]
[WhiteClock "0:01:10"]
[BlackClock "0:00:41"]

1. d4 d5 2. c4 Nc6 3. cxd5 Qxd5 4. e3 e5 5. Nc3 Bb4 6. a3 Bxc3+ 7. bxc3 Nf6 8. c4 Qd6 9. d5 Ne7 10. a4 b6 11. Ba3 Qd8 12. Ne2 O-O 13. Nc3 Bf5 14. Bd3 Bg6 15. O-O Re8 16. e4 Nh5 17. g3 Nc8 18. c5 bxc5 19. Bb5 Nd6 20. Bxe8 Qxe8 21. Bxc5 Qd7 22. f3 Nf6 23. Qe2 h5 24. h4 Nfe8 25. Kh2 f6 26. Rab1 Bf7 27. Nb5 f5 28. Bxd6 cxd6 29. Rfc1 a6 30. Nc3 f4 31. gxf4 Qe7 32. Qf2 exf4 33. Ne2 Nf6 34. Nxf4 Nd7 35. Rc7 Qe5 36. Qg3 Nf6 37. Ne6 Qxg3+ 38. Kxg3 Bxe6 39. dxe6 Re8 40. e7 d5 41. e5 1-0


[Site "https://www.chess.com"]

[Event "Titled Tuesday Blitz May 4 2021"]
[White "Niyazgulova, Marina"]
[Black "Spata, German"]
[WhiteFideId "24142573"]
[BlackFideId "113026"]
[WhiteElo "2087"]
[BlackElo "2238"]
[Result "0-1"]
[Round "08"]
[TimeControl "180+1"]
[Date "2021.05.04"]
[WhiteClock "0:00:06"]
[BlackClock "0:00:28"]

1. d4 d5 2. Nf3 Nf6 3. c4 c6 4. Nc3 e6 5. cxd5 exd5 6. Bg5 Be7 7. Qc2 g6 8. e3 Bf5 9. Bd3 Bxd3 10. Qxd3 O-O 11. O-O Nbd7 12. Rab1 a5 13. Ne5 Nxe5 14. dxe5 Nd7 15. Bxe7 Qxe7 16. f4 f6 17. exf6 Nxf6 18. Rbe1 Rae8 19. f5 g5 20. Ne2 Qxe3+ 21. Qxe3 Rxe3 22. Nd4 Rfe8 23. Ne6 Rxe1 24. Rxe1 h6 25. Kf2 Kf7 26. Kf3 g4+ 27. Kf4 Ne4 28. Kxg4 Rg8+ 29. Kf3 h5 30. Nf4 Rg5 31. a3 Rxf5 32. b4 Nd2+ 33. Kg3 Ne4+ 34. Kf3 axb4 35. axb4 Nd2+ 36. Kg3 Nc4 37. Nd3 Kf6 38. Nc5 Rg5+ 39. Kf3 Ne5+ 40. Kf2 b6 41. Rxe5 Kxe5 42. Nd7+ Kd6 43. Nxb6 Rg4 44. Nc8+ Kc7 45. Ne7 Rxb4 46. h3 h4 47. g4 hxg3+ 48. Kxg3 Kd6 49. Nf5+ Ke5 50. Ne7 Kd6 51. Nf5+ Ke6 52. Ne3 Rb3 53. Kf4 Rxe3 54. Kxe3 Kf5 55. Kd4 Kg5 56. Kc5 Kh4 0-1


[Site "https://www.chess.com"]

[Event "Titled Tuesday Blitz May 4 2021"]
[White "Ognean, Mihnea-Ionut"]
[Black "Josse, Mark"]
[WhiteFideId "1232347"]
[BlackFideId "414476"]
[WhiteElo "2012"]
[BlackElo "2280"]
[Result "1-0"]
[Round "08"]
[TimeControl "180+1"]
[Date "2021.05.04"]
[WhiteClock "0:01:43"]
[BlackClock "0:00:46"]

1. e4 e5 2. Nf3 Nc6 3. Bc4 Bc5 4. c3 Nf6 5. d3 d6 6. O-O O-O 7. Nbd2 Ne7 8. d4 exd4 9. cxd4 Bb6 10. e5 dxe5 11. dxe5 Nfd5 12. Ne4 Be6 13. Qe2 c6 14. Bg5 Qc7 15. Rad1 h6 16. Bc1 Rfe8 17. Nd6 Rf8 18. Qe4 Bc5 19. Bd3 g6 20. Bxh6 Bxd6 21. exd6 Qxd6 22. Bxf8 Rxf8 23. Qh4 Nf5 24. Bxf5 Bxf5 25. Ng5 Kg7 26. Rfe1 Rh8 27. Qxh8+ Kxh8 28. Nxf7+ 1-0


[Site "https://www.chess.com"]

[Event "Titled Tuesday Blitz May 4 2021"]
[White "Omariev, Maksim"]
[Black "Injac, Teodora"]
[WhiteFideId "4193423"]
[BlackFideId "932400"]
[WhiteElo "2426"]
[BlackElo "2308"]
[Result "1-0"]
[Round "08"]
[TimeControl "180+1"]
[Date "2021.05.04"]
[WhiteClock "0:00:11"]
[BlackClock "0:00:06"]

1. g4 d5 2. Bg2 c6 3. g5 e5 4. d4 e4 5. c4 h6 6. h4 hxg5 7. hxg5 Rxh1 8. Bxh1 Be7 9. f4 exf3 10. Nxf3 Bg4 11. Qb3 Bxf3 12. Bxf3 Qc7 13. cxd5 Nd7 14. Nc3 Nb6 15. dxc6 bxc6 16. Be3 Qg3+ 17. Bf2 Qc7 18. g6 O-O-O 19. gxf7 Nh6 20. O-O-O Bg5+ 21. Kb1 Nxf7 22. Rg1 Bf6 23. Bg3 Qd7 24. Bxc6 Qxc6 25. Qxf7 Bxd4 26. Rc1 Nc4 27. Qf5+ Kb7 28. Qb5+ Qxb5 29. Nxb5 Nd2+ 30. Ka1 Be3 31. Rc7+ Ka6 32. a4 Rf8 33. Rxg7 Rf1+ 34. Ka2 Ka5 35. Nc3 Ka6 36. Rg6+ Kb7 37. Re6 Bc5 38. Re5 Bd6 39. Rb5+ Kc6 40. Bxd6 Kxd6 41. Rd5+ Kc6 42. Rxd2 Rf5 43. e4 a5 44. exf5 Kc5 45. f6 Kc4 46. f7 Kc5 47. f8=Q+ Kc4 48. Qf4+ Kc5 49. Rd5+ Kc6 50. Qf6+ Kb7 51. Rd7+ Kc8 52. Qd8# 1-0


[Site "https://www.chess.com"]

[Event "Titled Tuesday Blitz May 4 2021"]
[White "Omk124"]
[Black "Rozhkov, Viacheslav"]
[BlackFideId "4181484"]
[WhiteElo "2604"]
[BlackElo "2324"]
[Result "1-0"]
[Round "08"]
[TimeControl "180+1"]
[Date "2021.05.04"]
[WhiteClock "0:00:22"]
[BlackClock "0:00:13"]

1. e4 c5 2. Nf3 d6 3. d4 cxd4 4. Nxd4 Nf6 5. Nc3 Nc6 6. Bc4 Bd7 7. O-O Rc8 8. Bb3 g6 9. Nxc6 Bxc6 10. Be3 Bg7 11. f3 O-O 12. Qd2 a6 13. a4 Nd7 14. Nd5 Bxd5 15. Bxd5 Qc7 16. c3 Ne5 17. Kh1 Nc4 18. Bxc4 Qxc4 19. Rfd1 f5 20. Qd5+ Qxd5 21. exd5 Bf6 22. Ra3 Kf7 23. Rb3 Rc7 24. Bb6 Rd7 25. Kg1 Rc8 26. Rb4 g5 27. Kf2 h5 28. h3 h4 29. Re1 Be5 30. Re2 Kf6 31. Be3 Rdc7 32. f4 gxf4 33. Bxf4 Bxf4 34. Rxf4 Rc4 35. Re6+ Kg5 36. Rxc4 Rxc4 37. Rxe7 Rxa4 38. Rg7+ Kf4 39. Rxb7 Ra5 40. Rb4+ Kg5 41. Rd4 Rb5 42. Rd2 Kf4 43. Rd4+ Kg5 44. Rd2 Kf4 45. Ke2 Kg3 46. Ke3 a5 47. Kd4 a4 48. Kc4 Rb8 49. Kd4 Re8 50. c4 f4 51. c5 dxc5+ 52. Kxc5 Rc8+ 53. Kb6 f3 54. gxf3 Kxh3 55. d6 Kg3 56. d7 Rd8 57. Kc7 1-0


[Site "https://www.chess.com"]

[Event "Titled Tuesday Blitz May 4 2021"]
[White "Onyshchuk, Volodymyr"]
[Black "Zhigalko, Sergei"]
[WhiteFideId "14114038"]
[BlackFideId "13502956"]
[WhiteElo "2605"]
[BlackElo "2662"]
[Result "1-0"]
[Round "08"]
[TimeControl "180+1"]
[Date "2021.05.04"]
[WhiteClock "0:00:01"]
[BlackClock "0:00:01"]

1. Nf3 d5 2. g3 c6 3. Bg2 Bg4 4. O-O Nd7 5. d3 e6 6. Nbd2 Bd6 7. h3 Bh5 8. e4 Ne7 9. Qe1 O-O 10. Nh2 Re8 11. f4 f6 12. g4 Bf7 13. Ndf3 Qc7 14. e5 fxe5 15. Ng5 exf4 16. Qh4 Nf8 17. Nxf7 Kxf7 18. Bxf4 Bxf4 19. Rxf4+ Kg8 20. Rf2 Nfg6 21. Qg5 Rf8 22. Nf3 Rf6 23. Raf1 Raf8 24. Qe3 e5 25. h4 d4 26. Qe1 Nd5 27. h5 Ngf4 28. Qxe5 Qxe5 29. Nxe5 Ne3 30. Nd7 Nfxg2 31. Nxf6+ gxf6 32. Rxg2 Nxg2 33. Kxg2 Kg7 34. Re1 Kf7 35. Kf3 Rd8 36. b4 Rd5 37. a4 a5 38. Rb1 axb4 39. Rxb4 b5 40. axb5 cxb5 41. Ke4 Rg5 42. Kf4 Rd5 43. Rb2 Rc5 44. Ra2 Ke6 45. Ke4 Rg5 46. Ra6+ Kd7 47. Ra7+ Kd6 48. Kf4 Rc5 49. Rxh7 Rxc2 50. Rb7 Kc6 51. Rf7 Rf2+ 52. Ke4 b4 53. Rf8 b3 54. Rb8 b2 55. Kxd4 Rf4+ 56. Kc3 Rxg4 57. Kxb2 Rh4 58. Rh8 Kd5 59. Kc3 Ke6 60. d4 Kd5 61. h6 Rh3+ 62. Kb4 Ke6 63. d5+ Ke5 64. Kc5 1-0


[Site "https://www.chess.com"]

[Event "Titled Tuesday Blitz May 4 2021"]
[White "Onufrienko, Vladislav"]
[Black "Vargas, Gabriela"]
[WhiteFideId "13804332"]
[BlackFideId "3700860"]
[WhiteElo "1661"]
[BlackElo "2116"]
[Result "1-0"]
[Round "08"]
[TimeControl "180+1"]
[Date "2021.05.04"]
[WhiteClock "0:02:10"]
[BlackClock "0:01:38"]

1. e4 e6 2. d4 d5 3. Nc3 Nf6 4. e5 Nfd7 5. f4 c5 6. Nf3 Nc6 7. Be3 a6 8. Qd2 b5 9. a3 Bb7 10. Rd1 Rc8 11. dxc5 Bxc5 12. Bxc5 Nxc5 13. Qf2 Qb6 14. Be2 Na4 15. Nxa4 Qxf2+ 16. Kxf2 bxa4 17. c3 Rb8 18. Nd4 Nxd4 19. Rxd4 Bc6 20. Rb4 Rxb4 21. cxb4 Bd7 22. Bxa6 1-0


[Site "https://www.chess.com"]

[Event "Titled Tuesday Blitz May 4 2021"]
[White "Ozen, Bahadir"]
[Black "Mchedlishvili, Mikheil"]
[WhiteFideId "6337058"]
[BlackFideId "13600966"]
[WhiteElo "2503"]
[BlackElo "2618"]
[Result "1-0"]
[Round "08"]
[TimeControl "180+1"]
[Date "2021.05.04"]
[WhiteClock "0:00:16"]
[BlackClock "0:00:10"]

1. g3 d5 2. Bg2 Nf6 3. Nf3 g6 4. O-O Bg7 5. d3 c5 6. Nbd2 Nc6 7. e4 d4 8. a4 O-O 9. Nc4 Nd7 10. Bd2 b6 11. Ne1 Rb8 12. f4 a6 13. e5 Bb7 14. Nf3 b5 15. axb5 axb5 16. Na3 Ba8 17. e6 fxe6 18. Ng5 Rf6 19. Qe2 e5 20. Bd5+ Kh8 21. Nf7+ Rxf7 22. Bxf7 exf4 23. gxf4 Nf6 24. f5 gxf5 25. Rxf5 e5 26. Raf1 Qe7 27. Ba2 c4 28. dxc4 b4 29. Nb5 Rf8 30. Bg5 Nd8 31. h3 Qb7 32. Kh2 Nd7 33. Nd6 Qc6 34. Rxf8+ Nxf8 35. Rxf8+ Bxf8 36. Bf6+ Bg7 37. Bxg7+ Kxg7 38. Qxe5+ Kf8 39. Qf6+ Kg8 40. c5+ 1-0


[Site "https://www.chess.com"]

[Event "Titled Tuesday Blitz May 4 2021"]
[White "Papasimakopoulos, Alexandros"]
[Black "Nesterov, Arseniy"]
[WhiteFideId "4244125"]
[BlackFideId "24198455"]
[WhiteElo "2352"]
[BlackElo "2441"]
[Result "1-0"]
[Round "08"]
[TimeControl "180+1"]
[Date "2021.05.04"]
[WhiteClock "0:00:33"]
[BlackClock "0:00:02"]

1. d4 Nf6 2. c4 e6 3. Nc3 d5 4. cxd5 exd5 5. Bg5 c6 6. e3 Be7 7. Bd3 O-O 8. Qc2 Nbd7 9. Nf3 h6 10. Bh4 Re8 11. O-O Ne4 12. Bxe7 Qxe7 13. Rab1 Ndf6 14. Ne5 Be6 15. b4 a6 16. Na4 Nd6 17. Nc5 Rad8 18. a4 Nd7 19. Nexd7 Bxd7 20. Nxd7 Qxd7 21. b5 cxb5 22. axb5 a5 23. b6 Rc8 24. Qa2 Rc3 25. Rfd1 a4 26. Qxd5 Rec8 27. Bb5 Qe7 28. Bxa4 Ne4 29. Qe5 Qxe5 30. dxe5 R3c5 31. Bd7 Ra8 32. e6 Kf8 33. f3 Nc3 34. Ra1 Rxa1 35. Rxa1 fxe6 36. Bxe6 Rc6 37. Ra8+ Ke7 38. Bc8 Rxb6 39. Ra7 Nd5 40. e4 Rb1+ 41. Kf2 Rb2+ 42. Kg3 Nb6 43. Rxb7+ Kf6 44. f4 Rb3+ 45. Kg4 Rb4 46. e5+ Kg6 47. Bf5# 1-0


[Site "https://www.chess.com"]

[Event "Titled Tuesday Blitz May 4 2021"]
[White "PattyCastillo"]
[Black "Kujawski, Adam"]
[BlackFideId "1100920"]
[WhiteElo "2009"]
[BlackElo "2053"]
[Result "0-1"]
[Round "08"]
[TimeControl "180+1"]
[Date "2021.05.04"]
[WhiteClock "0:00:04"]
[BlackClock "0:00:18"]

1. d4 Nf6 2. Nf3 c5 3. e3 b6 4. Bd3 Bb7 5. O-O g6 6. b3 Bg7 7. Bb2 O-O 8. Nbd2 d6 9. c4 e6 10. Qe2 Qe7 11. Rfd1 Nbd7 12. Rac1 Rfe8 13. e4 e5 14. d5 Nh5 15. g3 Bh6 16. Nf1 Bxc1 17. Bxc1 Kg7 18. Bg5 f6 19. Be3 h6 20. Qd2 Rh8 21. Nh4 Raf8 22. Ng2 f5 23. exf5 e4 24. Be2 Ne5 25. Qc3 Qf6 26. Rc1 Nf3+ 27. Bxf3 exf3 28. Nh4 Qxc3 29. Rxc3 gxf5 30. Nd2 f4 31. gxf4 Nxf4 32. Bxf4 Rxf4 33. Nhxf3 Kf7 34. Kf1 Bc8 35. Re3 Bg4 36. Nh4 Re8 37. Rxe8 Kxe8 38. Ng2 Bh3 39. Kg1 Rg4 0-1


[Site "https://www.chess.com"]

[Event "Titled Tuesday Blitz May 4 2021"]
[White "Perez Gormaz, Matias"]
[Black "Molchanov, Alexander"]
[WhiteFideId "3406342"]
[BlackFideId "24177687"]
[WhiteElo "2414"]
[BlackElo "2538"]
[Result "1-0"]
[Round "08"]
[TimeControl "180+1"]
[Date "2021.05.04"]
[WhiteClock "0:01:09"]
[BlackClock "0:00:59"]

1. e4 c5 2. Nf3 Nc6 3. d4 cxd4 4. Nxd4 Nf6 5. Nc3 e5 6. Ndb5 d6 7. Bg5 a6 8. Na3 b5 9. Bxf6 gxf6 10. Nd5 f5 11. g3 fxe4 12. Bg2 Be6 13. Bxe4 Bg7 14. c3 Rc8 15. Nc2 O-O 16. O-O f5 17. Bg2 e4 18. Nf4 Bf7 19. Ne3 Qd7 20. Bh3 Be6 21. Qh5 Ne5 22. Nxe6 Qxe6 23. Bxf5 Qh6 24. Qxh6 Bxh6 25. Bxc8 Rxc8 26. Nf5 Bf8 27. Rfd1 Nd3 28. Rd2 Ne5 29. Kg2 Nc4 30. Re2 d5 31. Rd1 Rd8 32. b3 Nb6 33. Rxe4 Kf7 34. Ne3 Bg7 35. Rf4+ Ke6 36. c4 bxc4 37. bxc4 d4 38. Nf5 Be5 39. Nxd4+ 1-0


[Site "https://www.chess.com"]

[Event "Titled Tuesday Blitz May 4 2021"]
[White "Pesotskiy, Mikhail"]
[Black "Hansen, Soren Bech"]
[WhiteFideId "34164453"]
[BlackFideId "1400681"]
[WhiteElo "2052"]
[BlackElo "2229"]
[Result "1-0"]
[Round "08"]
[TimeControl "180+1"]
[Date "2021.05.04"]
[WhiteClock "0:00:06"]
[BlackClock "0:00:02"]

1. d4 Nf6 2. c4 e6 3. Nc3 Bb4 4. Qc2 O-O 5. a3 Bxc3+ 6. Qxc3 b6 7. f3 d5 8. e3 Ba6 9. Nh3 Nbd7 10. Nf4 dxc4 11. Bxc4 Bxc4 12. Qxc4 c5 13. dxc5 Nxc5 14. b4 Na4 15. Qb3 Qd7 16. O-O Rfd8 17. Ra2 b5 18. Rd2 Qc6 19. Rfd1 Rxd2 20. Bxd2 Rd8 21. Be1 Rxd1 22. Qxd1 Qd7 23. Qxd7 Nxd7 24. e4 Ne5 25. Bd2 Nc4 26. Bc1 Nc3 27. Kf2 Nb1 28. Nd3 Nbxa3 29. Nc5 Nc2 30. Na6 e5 31. Ke2 Kf8 32. Kd3 Nd4 33. Nc7 Ke7 34. Nxb5 Nxb5 35. Kxc4 Nd6+ 36. Kd5 f6 37. Kc6 Ke6 38. Be3 a6 39. Bc5 Nc4 40. Kb7 a5 41. b5 a4 42. b6 Kd7 43. Ka8 Nxb6+ 44. Bxb6 a3 45. Ba5 Kc6 46. Kb8 Kb5 47. Bc3 Kc4 48. Ba1 Kd3 49. Kc8 Ke3 50. Kd7 Kf2 51. Ke6 Kxg2 52. Kf7 Kxf3 53. Kxg7 Kxe4 54. Kxf6 Kf3 55. Bxe5 h5 56. Kg5 a2 57. h4 1-0


[Site "https://www.chess.com"]

[Event "Titled Tuesday Blitz May 4 2021"]
[White "Piesik, Piotr"]
[Black "Przybylski, Wojciech"]
[WhiteFideId "1136194"]
[BlackFideId "1117599"]
[WhiteElo "2369"]
[BlackElo "2317"]
[Result "1-0"]
[Round "08"]
[TimeControl "180+1"]
[Date "2021.05.04"]
[WhiteClock "0:01:59"]
[BlackClock "0:00:08"]

1. Nf3 Nf6 2. g3 d5 3. Bg2 Bg4 4. O-O c6 5. d3 Nbd7 6. Nbd2 e6 7. e4 Bc5 8. Qe1 O-O 9. Nb3 Be7 10. e5 Ne8 11. h3 Bxf3 12. Bxf3 c5 13. c4 Nb6 14. Na5 Qd7 15. b3 f5 16. exf6 Bxf6 17. Bg4 Nc7 18. Rb1 Rab8 19. Bf4 Rfe8 20. Be5 Kh8 21. Qe3 d4 22. Qe4 Bxe5 23. Qxe5 Qe7 24. Rbe1 Nc8 25. Bf3 Qd6 26. Nxb7 Qxe5 27. Rxe5 1-0


[Site "https://www.chess.com"]

[Event "Titled Tuesday Blitz May 4 2021"]
[White "Pinto, Daniel"]
[Black "zmeeed67"]
[WhiteFideId "3303144"]
[WhiteElo "1936"]
[BlackElo "2546"]
[Result "1-0"]
[Round "08"]
[TimeControl "180+1"]
[Date "2021.05.04"]
[WhiteClock "0:00:08"]
[BlackClock "0:00:26"]

1. e4 c5 2. Nf3 e6 3. c3 Nf6 4. e5 Nd5 5. d4 cxd4 6. cxd4 b6 7. Bd3 Bb7 8. O-O d6 9. Qe2 Nd7 10. Ba6 Bxa6 11. Qxa6 dxe5 12. dxe5 Nc5 13. Qb5+ Qd7 14. Qxd7+ Nxd7 15. b3 Rc8 16. Na3 Bb4 17. Bb2 Ke7 18. Rac1 a6 19. Nc2 Bc5 20. g3 b5 21. a3 Rc7 22. b4 Bb6 23. Ncd4 Rhc8 24. Nb3 Rc4 25. Rfd1 Rc2 26. Rxc2 Rxc2 27. Rd2 Rc4 28. Ne1 Bc7 29. Nd3 N5b6 30. f4 Na4 31. Bd4 Nb8 32. Nf2 Nc6 33. Bc5+ Nxc5 34. Nxc5 Bb6 35. Rd7+ Ke8 36. Rb7 Bxc5 37. bxc5 Rxc5 38. Ne4 Rc1+ 39. Kf2 Nd8 40. Nd6+ Kf8 41. Rd7 Rc8 42. Nxc8 1-0


[Site "https://www.chess.com"]

[Event "Titled Tuesday Blitz May 4 2021"]
[White "Piorun, Kacper"]
[Black "Howell, David W L"]
[WhiteFideId "1130420"]
[BlackFideId "410608"]
[WhiteElo "2535"]
[BlackElo "2643"]
[Result "0-1"]
[Round "08"]
[TimeControl "180+1"]
[Date "2021.05.04"]
[WhiteClock "0:00:01"]
[BlackClock "0:00:03"]

1. e4 e6 2. d4 d5 3. Nc3 dxe4 4. Nxe4 Nd7 5. g3 Ngf6 6. Nc3 Bd6 7. Bg2 O-O 8. Nge2 c6 9. O-O e5 10. d5 cxd5 11. Nxd5 Nxd5 12. Qxd5 Nf6 13. Qb3 Qc7 14. Nc3 a6 15. Be3 Be6 16. Qxb7 Qxb7 17. Bxb7 Rab8 18. Bxa6 Rxb2 19. Bd3 Ra8 20. a4 Bb4 21. Ne4 Ba5 22. Nxf6+ gxf6 23. f4 Bc3 24. fxe5 fxe5 25. Bh6 Bd4+ 26. Kg2 Bd5+ 27. Kh3 e4 28. Be2 Rxc2 29. Rad1 Rxa4 30. Rc1 Raa2 31. Rxc2 Rxc2 32. Rd1 Rxe2 33. Rxd4 Be6+ 34. g4 f6 35. Kg3 Kf7 36. h3 Kg6 37. Bf4 Kf7 38. Rb4 Bd5 39. h4 Re1 40. Rb5 Rg1+ 41. Kh3 Rd1 42. Ra5 Rd3+ 43. Kh2 Bc4 44. Ra7+ Ke6 45. Rc7 Bd5 46. Rxh7 Rf3 47. Bh6 e3 48. Rh8 Bc6 49. Rc8 Kd7 50. Ra8 Bxa8 0-1


[Site "https://www.chess.com"]

[Event "Titled Tuesday Blitz May 4 2021"]
[White "Plotnikov, Pavel"]
[Black "Hernandez Jimenez, Alexander Andres"]
[WhiteFideId "4170342"]
[BlackFideId "3900452"]
[WhiteElo "2298"]
[BlackElo "2151"]
[Result "1-0"]
[Round "08"]
[TimeControl "180+1"]
[Date "2021.05.04"]
[WhiteClock "0:00:08"]
[BlackClock "0:00:03"]

1. e4 c5 2. Nf3 d6 3. d4 cxd4 4. Nxd4 Nf6 5. Nc3 a6 6. a4 e5 7. Nf3 Qc7 8. Bg5 Nbd7 9. Bd3 Be7 10. O-O O-O 11. h3 h6 12. Be3 b6 13. Nh4 Nc5 14. Bxc5 dxc5 15. Qf3 c4 16. Be2 Rd8 17. Rad1 Be6 18. Nf5 Bxf5 19. Qxf5 Rd4 20. Rxd4 exd4 21. Nd5 Nxd5 22. Qxd5 Rc8 23. Qxd4 Bf6 24. Qd5 Bxb2 25. Rd1 Bf6 26. Qf5 Rd8 27. Rxd8+ Qxd8 28. Bxc4 Qd1+ 29. Kh2 Qxc2 30. Qc8+ Kh7 31. Qf5+ Kg8 32. Qd5 Be5+ 33. Qxe5 Qxc4 34. Qb8+ Kh7 35. Qxb6 Qxa4 36. e5 Qb5 37. Qc7 a5 38. Qxf7 Qxe5+ 39. g3 a4 40. Qa2 Qd4 41. Qb1+ g6 42. Qb7+ Kg8 43. Qa8+ Kf7 44. Kg2 Kf6 45. Qh8+ 1-0


[Site "https://www.chess.com"]